 Dungeon Crawl Stone Soup version 0.31-a0-198-g2ad674f65e (webtiles) character file.

Game seed: 7065691203473177169

156 qw the Skirmisher (level 5, -2/29 HPs)
             Began as a Deep Elf Hunter on June 25, 2023.
             Slain by an orc
             ... wielding a +0 trident
              (7 damage)
             ... on level 3 of the Dungeon.
             The game lasted 00:00:48 (2077 turns).

qw the Skirmisher (Deep Elf Hunter)                 Turns: 2077, Time: 00:00:48

Health: -2/29      AC:  6    Str: 10    XL:     5   Next: 15%
Magic:  7/7        EV:  9    Int: 14    God:
Gold:   120        SH:  0    Dex: 18    Spells: 4/4 levels left

rFire   . . .        Y - +0 shortbow (flame)
rCold   . . .        (shield currently unavailable)
rNeg    . . .        i - +0 scale mail
rPois   .            (no helmet)
rElec   .            (no cloak)
rCorr   .            (no gloves)
SInv    .            (no boots)
Will    .....        (no amulet)
Stlth   +            (no ring)
HPRegen 0.24/turn    (no ring)
MPRegen 0.10/turn

%: no passive effects
@: no status effects
A: no striking features
a: no special abilities


You were on level 3 of the Dungeon.
You visited 1 branch of the dungeon, and saw 3 of its levels.

You collected 120 gold pieces.


   Skills:
 - Level 1.5 Fighting
 + Level 8.6 Ranged Weapons
 - Level 2.4 Dodging
 - Level 1.2 Stealth


You had 4 spell levels left.
You didn't know any spells.
Your spell library was empty.

Inventory:

Hand Weapons
 Y - a +0 shortbow of flaming (weapon)
Armour
 g - a +0 ring mail
 i - a +0 scale mail (worn)
Jewellery
 c - a +6 ring of strength
Scrolls
 j - a scroll of identify
Potions
 a - a potion of attraction {unknown}
 b - a potion of curing {unknown}
 d - a potion of mutation {unknown}
 e - 3 potions of invisibility {unknown}
 f - a potion of berserk rage {unknown}
 k - a potion of resistance {unknown}

Dungeon Overview and Level Annotations

Branches:
Dungeon (3/15)

Altars:


Message History

The orc hits you from afar with a +0 trident.
The adder barely misses you.
You shoot an arrow. The arrow barely misses the adder.
The adder bites you but does no damage.
The orc hits you from afar with a +0 trident.
You shoot an arrow. The arrow barely misses the adder.
The adder bites you but does no damage. The orc closely misses you.
The adder bites you but does no damage. The orc barely misses you.
You shoot an arrow. The arrow misses the adder.
The adder bites you but does no damage.
The orc hits you from afar with a +0 trident.
The adder closely misses you.
You shoot an arrow. The arrow hits the adder.
The arrow burns the adder.
The adder is moderately wounded.
The adder bites you but does no damage.
The orc hits you from afar with a +0 trident.
You shoot an arrow.
The arrow hits the adder but does no damage.
The adder is moderately wounded.
The adder barely misses you. The orc closely misses you.
The adder bites you but does no damage.
You shoot an arrow. The arrow completely misses the adder.
The adder closely misses you. The orc barely misses you. x2
The adder bites you.
You are poisoned.
The adder poisons you!
You shoot an arrow. The arrow hits the adder!
The arrow burns the adder.
You kill the adder!
You feel sick. The orc hits you but does no damage.
You shoot an arrow. The arrow barely misses the orc.
You feel sick. The orc barely misses you.
You shoot an arrow. The arrow barely misses the orc.
You feel sick.
The orc zaps a wand.
You struggle to resist.
You shoot an arrow. The arrow hits the orc.
The arrow burns the orc.
The orc is heavily wounded.
You feel sick.
You are no longer poisoned.
The orc hits you but does no damage.
The orc hits you from afar with a +0 trident!
You die...

~........# #...#
.........# #...#
.~~......# #.).#
.~~#####.####### #...#
## #.......# #.###
#.......# #.# #.......#
#.###### #.......#
#....... #@#######
######## #.# ###......
.%o ##.#...... .....
#.##...... .......
#...###... .........
#...#.#... ...........
#....##...
.............#......###
#......#)#


You could see an orc.

Vanquished Creatures
  Jessica (D:3)
  6 adders
  2 worms (D:2)
  3 orcs (D:3)
  6 ball pythons
  7 bats
  9 endoplasms
  2 giant cockroaches
  4 hobgoblins
  3 jackals (D:3)
  6 quokkas
  3 frilled lizards
  4 goblins
  5 kobolds
  3 rats
64 creatures vanquished.

Notes
Turn   | Place    | Note
-------+----------+-------------------------------------------
     0 | D:1      | qw the Deep Elf Hunter began the quest for the Orb.
     0 | D:1      | Reached XP level 1. HP: 12/12 MP: 3/3
     0 | D:1      | 0 ||| qw: Version: 0.3-a-22-g0ed2b0b
     0 | D:1      | 0 ||| qw: Game counter: 5423
     0 | D:1      | 0 ||| qw: Melee chars always use a shield: true
     0 | D:1      | 0 ||| qw: God list: Okawaru
     0 | D:1      | 0 ||| qw: Allow faded altars: false
     0 | D:1      | 0 ||| qw: Do Orc after clearing Dungeon:15 true
     0 | D:1      | 0 ||| qw: Do second Lair branch before Depths: true
     0 | D:1      | 0 ||| qw: Lair rune preference: random
     0 | D:1      | 0 ||| qw: Goals: Normal
     0 | D:1      | 0 ||| PLANNING D:1-11
   356 | D:1      | Reached skill level 6 in Ranged Weapons
   356 | D:1      | Reached XP level 2. HP: 11/16 MP: 4/4
   681 | D:1      | 681 ||| READING scroll labelled WUBA OTZESATIU.
   682 | D:1      | 682 ||| READING scroll labelled NOXO MARGHONK.
   683 | D:1      | 683 ||| READING scroll labelled YCSIPR NILA.
   684 | D:1      | 684 ||| DROPPING scroll of butterflies.
   727 | D:2      | 727 ||| STAIRDANCE
   735 | D:1      | Reached XP level 3. HP: 6/20 MP: 5/5
   736 | D:1      | HP: 5/20 [poisoned by an adder]
   944 | D:2      | Reached skill level 7 in Ranged Weapons
  1206 | D:2      | Reached XP level 4. HP: 25/25 MP: 6/6
  1596 | D:2      | 1596 ||| DROPPING +0 robe of positive energy.
  1597 | D:2      | 1597 ||| UPGRADING to +0 scale mail.
  1607 | D:2      | 1607 ||| DROPPING +0 leather armour.
  1608 | D:2      | 1608 ||| READING scroll labelled GYT KELICK.
  1609 | D:2      | 1609 ||| READING scroll labelled SYONIC TEIKAQI.
  1610 | D:2      | 1610 ||| READING scroll labelled WEKLEPLIJU.
  1807 | D:3      | Reached skill level 8 in Ranged Weapons
  1822 | D:3      | 1822 ||| FLEEEEING.
  1823 | D:3      | 1823 ||| FLEEEEING.
  1905 | D:3      | Noticed Jessica
  1908 | D:3      | Killed Jessica
  1909 | D:3      | Reached XP level 5. HP: 20/29 MP: 7/7
  2076 | D:3      | HP: 7/29 [poisoned by an adder]
  2077 | D:3      | Slain by an orc

Levels and vault maps discovered:
D:1:      ncdulo_smallfort, layout_loops_ring
D:2:      layout_basic, nicolae_titane
D:3:      minmay_chambers_of_threes, layout_basic, nicolae_uskayaw_suspiria,
          dreamdust_ecumenical_altar_angels_and_demons, uniq_robin, uniq_jessica

Skill      XL: |  1  2  3  4 |
---------------+-------------+-----
Ranged Weapons | 6 7 8 |  8.6
Fighting       | |  1.5
Dodging        | |  2.4
Stealth        | |  1.2

Action                     |  1- 3 |  4- 6 || total
---------------------------+-------+-------++-------
   Fire: Shortbow          |   112 |    86 ||   198
    Use: Scroll            |     3 |     3 ||     6
 Armour: Leather armour    |    10 |     3 ||    13
         Scale mail        |       |    21 ||    21
  Dodge: Dodged            |    26 |    33 ||    59

Table legend:
 A = Non-vault XP
 B = Vault XP
 C = Vault XP percentage of total XP
 D = Non-vault monster count
 E = Vault monster count
 F = Vault count percentage of total count
                 A         B        C        D         E       F
            +---------+---------+-------+---------+---------+-------
      Total |     164 |      60 |  26.8 |      51 |      13 |  20.3
            +---------+---------+-------+---------+---------+-------
        D:1 |      42 |       0 |   0.0 |      19 |       0 |   0.0
        D:2 |      93 |       0 |   0.0 |      24 |       0 |   0.0
        D:3 |      29 |      60 |  67.4 |       8 |      13 |  61.9
            +---------+---------+-------+---------+---------+-------
